 Seeded DCSS version 0.29.1-15-g9cfb28693d (webtiles) character file.

Game seed: 3671431344662433698 (custom seed)

6 Gelion the Vexing (level 1, 11/11 HPs)
             Began as a Deep Elf Arcane Marksman on Apr 12, 2023.
             Quit the game on level 1 of the Dungeon.
             The game lasted 00:01:35 (223 turns).

Gelion the Vexing (Deep Elf Arcane Marksman)         Turns: 223, Time: 00:01:35

Health: 11/11      AC:  2    Str:  7    XL:     1   Next: 75%
Magic:  5/5        EV: 12    Int: 17    God:
Gold:   0          SH:  0    Dex: 15    Spells: 2/3 levels left

rFire   . . .      SeeInvis .   a - +1 sling
rCold   . . .      Faith    .   (no shield)
rNeg    . . .      Spirit   .   c - +0 robe
rPois   .          Reflect  .   (no helmet)
rElec   .          Harm     .   (no cloak)
rCorr   .          Rampage  .   (no gloves)
Will    .....                   (no boots)
Stlth   +.........              (no amulet)
HPRegen 0.03/turn               (no ring)
MPRegen 0.09/turn               (no ring)

@: no status effects
A: no striking features
a: no special abilities


You were on level 1 of the Dungeon.
You visited 1 branch of the dungeon, and saw 1 of its levels.

Inventory:

Hand Weapons
 a - a +1 sling (weapon)
Armour
 c - a +0 robe (worn)
Scrolls
 b - a scroll of poison
 d - a scroll of fear {unknown}
Potions
 e - a potion of curing {unknown}


   Skills:
 + Level 0.9 Fighting
 + Level 2.8 Ranged Weapons
 + Level 2.5 Dodging
 + Level 1.8 Spellcasting
 + Level 4.1 Hexes


You had 2 spell levels left.
You knew the following spells:

 Your Spells              Type           Power      Damage    Failure   Level
a - Slow                  Hex            60%        N/A       3%          1

Your spell library contained the following spells:

 Spells                   Type           Power      Damage    Failure   Level
 Inner Flame              Hex/Fire       8%         N/A       26%         3
 Portal Projectile        Hex/Tloc       16%        N/A       26%         3
 Cause Fear               Hex            7%         N/A       34%         4


Dungeon Overview and Level Annotations

Branches:
Dungeon (1/15)

Altars:

Shops:
D:1 :(


Message History

Casting: Slow (safe; 3% risk of failure)
Confirm with . or Enter, or press ? or * to list all spells.
Aiming: Slow (safe; 3% risk of failure)
Press: ? - help, Shift-Dir - straight line, f - frilled lizard
Aim: a frilled lizard (asleep, chance to affect: 71%)
The frilled lizard hisses angrily.
The frilled lizard seems to slow down.
Casting: Slow (safe; 3% risk of failure)
Confirm with . or Enter, or press ? or * to list all spells.
Aiming: Slow (safe; 3% risk of failure)
Press: ? - help, Shift-Dir - straight line, f/p - frilled lizard
Aim: a frilled lizard (slow, chance to affect: 71%)
The frilled lizard seems to slow down.
You shoot a sling bullet.
The sling bullet barely misses the frilled lizard.
You shoot a sling bullet.
The sling bullet hits the frilled lizard.
You kill the frilled lizard!
A dart slug comes into view.
You shoot a sling bullet. The sling bullet hits the dart slug.
The dart slug is lightly wounded.
You shoot a sling bullet. The sling bullet hits the dart slug.
The dart slug is heavily wounded.
You shoot a sling bullet. The sling bullet hits the dart slug.
The dart slug is almost dead.
The dart slug launches a dart at you. The slug dart hits you.
You shoot a sling bullet.
The sling bullet hits the dart slug but does no damage.
The dart slug is almost dead.
You shoot a sling bullet.
The sling bullet completely misses the dart slug.
You shoot a sling bullet. The sling bullet hits the dart slug!
You kill the dart slug!
No target in view!
HP restored.
Found a stone staircase leading down.
Found Simiafiu's Weapon Boutique.
There is an entrance to Simiafiu's Weapon Boutique here.
Are you sure you want to abandon this character and quit the game? (Confirm with "yes".)

.......#.##.#
..##...#.##.######.
.......#....>...#.#
.......####.....#.#
......<##.......#.##
.......#.....#..#..#
.......##.##.#..#.#
..##...##.
#......##.#
.......##.
##...@....#
######### #.#.#.####
.....#.# ###.###..
#. ##. . .. # .. ...


There were no monsters in sight!

Vanquished Creatures
  A dart slug (D:1)
  A bat (D:1)
  An endoplasm (D:1)
  A frilled lizard (D:1)
4 creatures vanquished.

Notes
Turn   | Place    | Note
-------+----------+-------------------------------------------
     0 | D:1      | Gelion the Deep Elf Arcane Marksman began the quest for the
                  | Orb.
     0 | D:1      | Reached XP level 1. HP: 11/11 MP: 5/5
    48 | D:1      | Found Feafeir's Book Shop.
   215 | D:1      | Found Simiafiu's Weapon Boutique.
   223 | D:1      | Quit the game

Illustrated notes

Levels and vault maps discovered:
D:1:      lemuel_arrival_behind_the_door_large, layout_loops_cross,
          shapermc_ecumenical_altar_notcrosses, serial_shops, shop, shop

Action                   || total
-------------------------++-------
 Fire: Sling             ||    14
 Cast: Slow              ||     3
Armor: Robe              ||     2
Dodge: Dodged            ||     1
